 Dungeon Crawl Stone Soup version 0.28.0 (webtiles) character file.

Game seed: 8093883020271296736

240 bande the Covered (level 6, -6/38 HPs)
             Began as a Gargoyle Fighter on Feb 6, 2022.
             Mangled by an ogre (24 damage)
             ... on level 3 of the Dungeon.
             The game lasted 00:05:09 (2792 turns).

bande the Covered (Gargoyle Fighter)                Turns: 2792, Time: 00:05:09

Health: -6/38      AC: 14    Str: 19    XL:     6   Next: 8%
Magic:  6/6        EV:  7    Int:  9    God:
Gold:   157        SH:  6    Dex: 11    Spells: 5/5 levels left

rFire   . . .      SeeInvis .   a - +1 war axe
rCold   . . .      Faith    .   c - +1 buckler
rNeg    + . .      Spirit   .   g - +0 chain mail
rPois   ∞          Reflect  .   (no helmet)
rElec   +          Harm     .   (no cloak)
rCorr   .          Rampage  .   (no gloves)
Will    .....                   (no boots)
Stlth   ..........              (no amulet)
HPRegen 0.12/turn               (no ring)
MPRegen 0.10/turn               (no ring)

@: studying Axes
A: sickness immunity, AC +4, negative energy resistance 1, electricity
resistance, torment resistance 1, petrification resistance
a: no special abilities


You were on level 3 of the Dungeon.
You visited 1 branch of the dungeon, and saw 3 of its levels.

You collected 157 gold pieces.

Inventory:

Hand Weapons
 a - a +1 war axe (weapon)
 d - a +0 flail
Armour
 c - a +1 buckler (worn)
 g - a +0 chain mail (worn)
Scrolls
 e - 2 scrolls of identify
 f - 3 scrolls of enchant weapon
Potions
 m - a potion of haste


   Skills:
 + Level 4.1 Fighting
 + Level 3.4 Axes
 + Level 4.9 Armour
 - Level 0.4 Stealth
 + Level 4.5 Shields


You had 5 spell levels left.
You didn't know any spells.
Your spell library was empty.

Dungeon Overview and Level Annotations

Branches:
Dungeon (3/15)

Altars:

Shops:
D:3 ?[[**

Annotations:
D:3 1 transporter, Nonny's ghost, weakling VSWn


Innate Abilities, Weirdness & Mutations

You are immune to sickness and miasma.
Your stone body is resilient. (AC +4)
You are immune to poison.
You resist negative energy. (rN+)
You are resistant to electric shocks. (rElec)
You are resistant to unholy torment.
You are immune to petrification.


Message History

Nonny's ghost turns its malevolent gaze towards you.
You hear a shout!
The ogre shouts!
You see here 23 bolts.
Found Duhil's Assorted Antiques.
There is an entrance to Duhil's Assorted Antiques here.
You can access your shopping list by pressing '$'.
There is a stone staircase leading up here.
There is a fountain of clear blue water here.
There is an entrance to Gulatef's General Store here.
There is a fountain of clear blue water here.
There is a stone staircase leading down here.
Partly explored, unvisited transporter.
Partly explored, unvisited transporter.
The ogre shouts!
There is a transporter here.
You enter the transporter and appear at another place.
Found a transporter.
The ogre hits you with a +6 great mace!
You barely miss the ogre. You block the ogre's attack.
You hit the ogre but do no damage. The ogre barely misses you.
You barely miss the ogre. You block the ogre's attack.
You hit the ogre.
The ogre is lightly wounded.
The ogre hits you with a +6 great mace.
You barely miss the ogre.
The ogre is lightly wounded.
The ogre barely misses you.
You hit the ogre.
The ogre is moderately wounded.
The ogre hits you with a +6 great mace.
You slash the ogre!
The ogre is severely wounded.
The ogre barely misses you.
You barely miss the ogre.
The ogre is severely wounded.
You block the ogre's attack.
The ogre hits you with a +6 great mace!!
Ouch! That really hurt!
You die...

..................##.## ####
..#.#.............#[..### #
.##.#.###...............# #
###.#.# #......©.©......# # #
#.#.# #.#############.# # #
#.#.###.#.....?!....#.# # #
#.#...#.#..##.W.##..#.# # #
#.###.#.#.#..#O#..#.### # #
#.......#.#..#@#..#.# ## #
#.......#..##...##..##########.
####.#....#.....©....©#..........
.....#....#######################
######....####.##.?# #.# #
#.(.........∩.# #.# ##### #
#.......#.##..# #.# #...##
#######...##.#.###.# #.# #.#...
..........##.#.###.# #.# #...##


You could see an ogre and Nonny's ghost.

Vanquished Creatures
  Sigmund (D:3)
  Terence (D:3)
  2 adders
  A worm (D:3)
  4 dart slugs
  2 orcs (D:3)
  An endoplasm (D:3)
  A giant cockroach (D:1)
  2 goblins (D:1)
  3 hobgoblins
  2 jackals (D:3)
  A kobold (D:3)
  A quokka (D:1)
  2 bats
  A frilled lizard (D:1)
  4 rats
29 creatures vanquished.

Notes
Turn   | Place    | Note
-------+----------+-------------------------------------------
     0 | D:1      | bande the Gargoyle Fighter began the quest for the Orb.
     0 | D:1      | Reached XP level 1. HP: 14/14 MP: 1/1
   161 | D:1      | Reached XP level 2. HP: 19/19 MP: 2/2
  1087 | D:2      | Reached XP level 3. HP: 9/23 MP: 3/3
  1946 | D:3      | Noticed Sigmund
  1956 | D:3      | Killed Sigmund
  1957 | D:3      | Reached XP level 4. HP: 16/29 MP: 4/4
  1957 | D:3      | Reached XP level 5. HP: 18/33 MP: 5/5
  2088 | D:3      | Identified a scroll of acquirement
  2088 | D:3      | Acquired a manual of Axes
  2164 | D:3      | Found a transporter.
  2168 | D:3      | Noticed Nonny's ghost (weakling VSWn)
  2168 | D:3      | Noticed an ogre
  2172 | D:3      | Noticed Terence
  2182 | D:3      | Killed Terence
  2235 | D:3      | Reached XP level 6. HP: 38/38 MP: 6/6
  2319 | D:3      | Found Gulatef's General Store.
  2344 | D:3      | Found Direc's Antique Armour Boutique.
  2348 | D:3      | Found Owuvoppacw's Magic Scroll Shoppe.
  2348 | D:3      | Found Byeheimm's Antique Armour Shoppe.
  2647 | D:3      | Found Duhil's Assorted Antiques.
  2782 | D:3      | Found a transporter.
  2792 | D:3      | Mangled by an ogre

Illustrated notes

Levels and vault maps discovered:
D:1:      dpeg_arrival_tiny_c, layout_loops_ring, kennysheep_minor_cross,
          nicolae_figureground_pulse
D:2:      layout_basic, minmay_tetromino_s2
D:3:      layout_loops_ring, gammafunk_ghost_smash, serial_shops, shop, shop,
          shop, shop, shop_fountains, minivault_14, uniq_sigmund, uniq_terence

Skill      XL: |  1  2  3  4  5 |
---------------+----------------+-----
Axes           | 2 3 |  3.4
Fighting       | 4 |  4.1
Armour         | 4 |  4.9
Shields        | 4 |  4.5
Stealth        | |  0.4

Action                   |  1- 3 |  4- 6 || total
-------------------------+-------+-------++-------
Melee: War axe           |    56 |    59 ||   115
  Use: Scroll            |     4 |     4 ||     8
       Potion            |     1 |       ||     1
Armor: Scale mail        |    31 |    46 ||    77
Dodge: Dodged            |    28 |    39 ||    67
Block: Buckler           |    12 |    27 ||    39
